 Dungeon Crawl Stone Soup version 0.30.0-20-g3615ddf2f0 (webtiles) character file.

Game seed: 11040654165190142328

79 qw the Chopper (level 4, -3/28 HPs)
             Began as a Gargoyle Fighter on May 31, 2023.
             Slain by a small abomination (12 damage)
             ... on level 1 of the Abyss.
             The game lasted 00:00:32 (1056 turns).

qw the Chopper (Gargoyle Fighter)                   Turns: 1056, Time: 00:00:32

Health: -3/28      AC: 10    Str: 22    XL:     4   Next: 37%
Magic:  4/4        EV:  9    Int:  8    God:
Gold:   43         SH:  4    Dex:  9    Spells: 3/3 levels left

rFire   . . .        Y - +0 war axe
rCold   . . .        c - +0 buckler
rNeg    + . .        b - +0 scale mail
rPois   inf          (no helmet)
rElec   +            (no cloak)
rCorr   .            (no gloves)
SInv    .            (no boots)
Will    .....        (no amulet) Stlth
                     (no ring)
HPRegen 0.24/turn    (no ring)
MPRegen 0.09/turn

%: no passive effects
@: no status effects
A: sickness immunity, AC +3, negative energy resistance 1, electricity
resistance, torment resistance 1, petrification resistance
a: no special abilities


You were on level 1 of the Abyss.
You visited 1 branch of the dungeon, and saw 2 of its levels.
You visited the Abyss 1 time.

You collected 43 gold pieces.


Innate Abilities, Weirdness & Mutations

You are immune to sickness and miasma.
Your stone body is resilient. (AC +3)
You are immune to poison.
You resist negative energy. (rN+)
You are resistant to electric shocks. (rElec)
You are resistant to unholy torment.
You are immune to petrification.


   Skills:
 - Level 3.2 Fighting
 + Level 4.1 Axes
 - Level 3.2 Armour
 - Level 3.2 Shields


You had 3 spell levels left.
You didn't know any spells.
Your spell library was empty.

Inventory:

Hand Weapons
 h - a +0 flail
 Y - a +0 war axe (weapon)
Armour
 b - a +0 scale mail (worn)
 c - a +0 buckler (worn)
Scrolls
 a - a scroll of identify
 f - a scroll of teleportation {unknown}
Potions
 d - a potion of might
 e - 2 potions of heal wounds {unknown}
 g - a potion of curing {unknown}

Dungeon Overview and Level Annotations

Branches:
Dungeon (2/15)

Altars:

Annotations:
D:2 Natasha, Robin


Message History

You hit Robin but do no damage. You hit the goblin.
You kill the goblin!
The goblin no longer looks unusually strong.
The hobgoblin no longer looks unusually strong.
Robin hits you but does no damage. Space warps horribly around you!
Ouch! That really hurt!
You barely miss Robin. Robin hits you but does no damage.
You are cast into the Abyss!
This branch contains the abyssal rune of Zot.
Waypoint 2 assigned to Abyss:1.
You start resting.
A small abomination comes into view.
1032 ||| Stepping ~*~*~tactically~*~*~ (stealth).
You start resting.
A small abomination is nearby!
A large abomination comes into view.
1046 ||| Stepping ~*~*~tactically~*~*~ (stealth).
You slash the small abomination!
The small abomination is heavily damaged.
The small abomination hits you but does no damage.
You closely miss the small abomination.
The small abomination is heavily damaged.
You block the small abomination's attack.
You barely miss the small abomination.
The small abomination is heavily damaged.
The small abomination closely misses you.
You hit the small abomination.
The small abomination is heavily damaged.
The small abomination hits you.
You hit the small abomination but do no damage.
The small abomination is heavily damaged.
The small abomination hits you.
You barely miss the small abomination.
The small abomination is heavily damaged.
The small abomination hits you!
You hit the small abomination.
The small abomination is heavily damaged.
The small abomination hits you!
You die...

#. ### #.
..#.. .
##.#.#...
####.#......
#...@x...#..
#.##¤#¤#....
#............
#...#####..#
. .##.## ....
# ##. .##. #.
#.


You could see a small abomination.

Vanquished Creatures
  Natasha (D:2)
  A gnoll (D:1)
  An adder (D:2)
  A dart slug (D:2)
  2 ball pythons (D:1)
  3 endoplasms
  A giant cockroach (D:1)
  5 goblins (D:2)
  3 hobgoblins
  4 jackals (D:1)
  2 quokkas (D:1)
  3 bats (D:1)
  A frilled lizard (D:1)
  A kobold (D:1)
  A rat (D:1)
30 creatures vanquished.

Vanquished Creatures (others)
  A goblin (D:2)
1 creature vanquished.

Grand Total: 31 creatures vanquished

Notes
Turn   | Place    | Note
-------+----------+-------------------------------------------
     0 | D:1      | qw the Gargoyle Fighter began the quest for the Orb.
     0 | D:1      | Reached XP level 1. HP: 14/14 MP: 1/1
     0 | D:1      | 0 ||| qw: Version: 0.2-a-102-gfc559e5
     0 | D:1      | 0 ||| qw: Game counter: 557
     0 | D:1      | 0 ||| qw: Always use a shield: true
     0 | D:1      | 0 ||| qw: God list: Okawaru
     0 | D:1      | 0 ||| qw: Allow faded altars: false
     0 | D:1      | 0 ||| qw: Do Orc after D:15 true
     0 | D:1      | 0 ||| qw: Do second Lair branch before Depths: true
     0 | D:1      | 0 ||| qw: Lair rune preference: random
     0 | D:1      | 0 ||| qw: Plans: Normal, Zot:1-4, Slime:5, God:TSO, Crypt,
                  | Tomb, Pan, Hells, Abyss, Win
     0 | D:1      | 0 ||| PLANNING D:1-11
    73 | D:1      | Reached skill level 2 in Axes
   152 | D:1      | Reached XP level 2. HP: 19/19 MP: 2/2
   177 | D:1      | 177 ||| Stepping ~*~*~tactically~*~*~ (stealth).
   375 | D:1      | Reached skill level 3 in Axes
   375 | D:1      | Reached XP level 3. HP: 15/23 MP: 3/3
   749 | D:1      | 749 ||| READING 3 scrolls labelled ITAOMMYSIL.
   750 | D:1      | 750 ||| READING scroll labelled RUCRIW ID ZIKK.
   751 | D:1      | 751 ||| READING 2 scrolls of identify.
   751 | D:1      | 751 ||| IDENTIFYING viscous black potion
   752 | D:1      | 752 ||| DROPPING potion of flight.
   864 | D:2      | Noticed Natasha
   876 | D:2      | Killed Natasha
   877 | D:2      | Reached XP level 4. HP: 24/28 MP: 4/4
   893 | D:2      | 893 ||| Stepping ~*~*~tactically~*~*~ (stealth).
   894 | D:2      | 894 ||| Stepping ~*~*~tactically~*~*~ (stealth).
   906 | D:2      | 906 ||| Stepping ~*~*~tactically~*~*~ (hiding).
   915 | D:2      | Reached skill level 4 in Axes
   958 | D:2      | 958 ||| Stepping ~*~*~tactically~*~*~ (stealth).
   971 | D:2      | 971 ||| Stepping ~*~*~tactically~*~*~ (stealth).
   977 | D:2      | Noticed Robin
   983 | D:2      | Noticed Natasha
   988 | D:2      | HP: 3/28 [Robin/+1 dagger of distortion (16)]
   989 | Abyss:1  | Cast into level 1 of the Abyss (Robin)
  1032 | Abyss:1  | 1032 ||| Stepping ~*~*~tactically~*~*~ (stealth).
  1045 | Abyss:1  | Noticed a large abomination
  1046 | Abyss:1  | 1046 ||| Stepping ~*~*~tactically~*~*~ (stealth).
  1056 | Abyss:1  | Slain by a small abomination

Levels and vault maps discovered:
D:1:      mushboom_english_gardens, layout_loops_ring
D:2:      layout_loops_ring, hellmonk_ecumenical_altar_arch_garden,
          kennysheep_nondescript, chequers_serial_rivers_small_b, st_stairs_10,
          uniq_natasha, uniq_robin
Abyss:1:  base: D:2, minivault_20

Skill      XL: |  1  2  3  4 |
---------------+-------------+-----
Axes           | 2 3 4 |  4.1
Fighting       | |  3.2
Armour         | |  3.2
Shields        | |  3.2

Action                     |  1- 3 |  4- 6 || total
---------------------------+-------+-------++-------
  Melee: War axe           |    66 |    31 ||    97
    Use: Scroll            |     3 |       ||     3
 Armour: Scale mail        |    36 |    10 ||    46
  Dodge: Dodged            |    28 |    15 ||    43
  Block: Buckler           |    15 |     4 ||    19

Table legend:
 A = Non-vault XP
 B = Vault XP
 C = Vault XP percentage of total XP
 D = Non-vault monster count
 E = Vault monster count
 F = Vault count percentage of total count
                 A         B        C        D         E       F
            +---------+---------+-------+---------+---------+-------
      Total |      67 |      46 |  40.7 |      23 |       7 |  23.3
            +---------+---------+-------+---------+---------+-------
        D:1 |      44 |       0 |   0.0 |      18 |       0 |   0.0
        D:2 |      23 |      46 |  66.7 |       5 |       7 |  58.3
            +---------+---------+-------+---------+---------+-------
